 Dungeon Crawl Stone Soup version 0.21.1 (webtiles) character file.

126 Jerry the Slasher (level 4, -3/36 HPs)
             Began as a Demonspawn Chaos Knight on Feb 2, 2018.
             Slain by khargal's ghost (13 damage)
             ... on level 3 of the Dungeon.
             The game lasted 00:05:38 (2784 turns).

Jerry the Slasher (Demonspawn Chaos Knight)         Turns: 2784, Time: 00:05:39

Health: -3/36      AC:  6    Str: 16    XL:     4   Next: 84%
Magic:  0/4        EV: 12    Int: 13    God:    Xom [....*.]
Gold:   101        SH:  0    Dex: 12    Spells: 3/3 levels left

rFire    + + .     SeeInvis .   a - +0 falchion (chaos)
rCold    x . .     Gourm    .   (no shield)
rNeg     . . .     Faith    .   b - +3 leather armour
rPois    +         Spirit   +   (no helmet)
rElec    .         Reflect  .   (no cloak)
rCorr    .         Harm     .   (no gloves)
MR       .....                  (no boots)
Stlth    +.........             j - amulet of guardian spirit
HPRegen  0.12/turn              g - ring of fire
MPRegen  0.09/turn              (no ring)

@: no status effects
A: hooves 1, slimy green scales 1, deformed body, fire resistance 1, poison
resistance, powered by death 1, strong 1
a: Renounce Religion


You were on level 3 of the Dungeon.
You worshipped Xom.
You were a beloved toy of Xom.
You were not hungry.

You visited 1 branch of the dungeon, and saw 3 of its levels.

You collected 101 gold pieces.

Inventory:

Hand Weapons
 a - a +0 falchion of chaos (weapon)
Armour
 b - a +3 leather armour (worn)
Jewellery
 g - a ring of fire (left hand)
 j - an amulet of guardian spirit (around neck)
 p - a cursed amulet of inaccuracy {unknown}
 s - a +6 ring of intelligence {unknown}
Scrolls
 e - 3 scrolls of amnesia
 h - 2 scrolls of blinking {unknown}
 n - a scroll of fog {unknown}
 r - a scroll of teleportation {unknown}
Potions
 d - a potion of might
 f - a potion of degeneration {unknown}
 k - a potion of haste
 l - 2 potions of heal wounds {unknown}
 m - a potion of flight {unknown}
 o - a potion of curing {unknown}
Comestibles
 c - 2 rations
 i - 3 chunks of flesh


   Skills:
 + Level 3.6 Fighting
 * Level 3.8 Long Blades
 + Level 2.6 Armour
 + Level 1.9 Dodging


You had 3 spell levels left.
You didn't know any spells.

Dungeon Overview and Level Annotations

Branches:
Dungeon (3/15)

Altars:
Elyvilon
Fedhas
Qazlal

Annotations:
D:3 khargal's ghost, amateur HOFi


Innate Abilities, Weirdness & Mutations

You have large cloven feet.
You are partially covered in slimy green scales. (AC +2)
You regenerate a little health from kills.
Armour fits poorly on your strangely shaped body.
Your flesh is heat resistant. (rF+)
Your system is resistant to poisons. (rPois)
Your muscles are strong. (Str +2)


Message History

You hit khargal's ghost.
Khargal's ghost is lightly damaged.
Khargal's ghost hits khargal's ghost but does no damage.
Khargal's ghost hits you!
You hit khargal's ghost but do no damage.
You kick khargal's ghost, but do no damage.
Khargal's ghost is lightly damaged.
Khargal's ghost hits khargal's ghost but does no damage.
Khargal's ghost barely misses you.
You closely miss khargal's ghost.
Khargal's ghost is lightly damaged.
Khargal's ghost hits khargal's ghost.
Khargal's ghost hits you!
* * * LOW HITPOINT WARNING * * *
Khargal's ghost hits you but does no damage.
Khargal's ghost hits khargal's ghost but does no damage.
You hit khargal's ghost but do no damage.
You kick khargal's ghost, but do no damage.
Khargal's ghost is lightly damaged.
Khargal's ghost hits you!
You die...

.#.###.#......# #.
.. ..............#
#. .##
##.....##..^..# W#
##....###.....####
.. ......#
##.......# .#
###.######.#####.#
.# #.#
##...#####)####.#
#.#
#.....#...WW....#
#.#
#.......##@######
#.# #.....####.# #
#.###..........# #
#.....###.###### #
#####.###.# #
#.....# # #######
## .#


You could see khargal's ghost and the friendly khargal's ghost.

Vanquished Creatures
  5 adders
  2 worms (D:2)
  2 dart slugs
  3 leopard geckos
  5 bats
  2 giant cockroaches
  11 goblins
  7 hobgoblins
  4 jackals (D:1)
  2 quokkas
  3 ball pythons
  4 frilled lizards
  10 kobolds
  8 rats
68 creatures vanquished.

Notes
Turn   | Place    | Note
-------+----------+-------------------------------------------
     0 | D:1      | Jerry the Demonspawn Chaos Knight began the quest for the Orb.
     0 | D:1      | Reached XP level 1. HP: 18/18 MP: 1/1
    40 | D:1      | Reached skill level 1 in Dodging
    79 | D:1      | XOM: god gift: 11 arrows
    82 | D:1      | Gained mutation: You have large cloven feet. [demonic ancestry]
    82 | D:1      | Reached XP level 2. HP: 13/24 MP: 2/2
   504 | D:1      | XOM: summons 2 hostile shadow creatures
   531 | D:1      | Gained mutation: You regenerate a little health from kills. [demonic ancestry]
   531 | D:1      | Reached XP level 3. HP: 15/29 MP: 3/3
  1086 | D:2      | Found a stormy altar of Qazlal.
  1335 | D:2      | XOM: harmless Conj miscast
  1498 | D:2      | Gained mutation: You are partially covered in slimy green scales. (AC +2) [demonic ancestry]
  1498 | D:2      | Reached XP level 4. HP: 27/35 MP: 4/4
  1652 | D:2      | XOM: noise
  1739 | D:2      | XOM: give mutations
  1739 | D:2      | Gained mutation: You are resistant to hostile enchantments. (MR+) [Xom's mischief]
  1739 | D:2      | Lost mutation: You are resistant to hostile enchantments. (MR+) [Xom's mischief]
  1739 | D:2      | Gained mutation: Armour fits poorly on your strangely shaped body. [Xom's mischief]
  2107 | D:2      | XOM: give mutations
  2107 | D:2      | Gained mutation: Your system is resistant to poisons. (rPois) [Xom's grace]
  2107 | D:2      | Gained mutation: Your flesh is heat resistant. (rF+) [Xom's grace]
  2107 | D:2      | Gained mutation: Your muscles are strong. (Str +2) [Xom's grace]
  2351 | D:3      | XOM: snakes to sticks
  2382 | D:3      | XOM: 4-stop teleportation journey
  2383 | D:3      | Found a blossoming altar of Fedhas.
  2414 | D:3      | Found a white marble altar of Elyvilon.
  2682 | D:3      | XOM: god gift: phantom mirror
  2731 | D:3      | Noticed khargal's ghost (amateur HOFi)
  2733 | D:3      | XOM: 3-stop teleportation journey
  2784 | D:3      | Slain by khargal's ghost

Skill      XL: |  1  2 |
---------------+-------+-----
Dodging        | 1 |  1.9
Long Blades    | 3 |  3.8
Armour         | 2 |  2.6
Fighting       | |  3.6

Action                   |  1- 3 |  4- 6 || total
-------------------------+-------+-------++-------
Melee: Falchion          |   115 |    75 ||   190
       Kick              |    24 |    22 ||    46
Evoke: Phantom mirror    |       |     1 ||     1
  Use: Scroll            |       |     7 ||     7
 Stab: Paralysed         |       |     1 ||     1
  Eat: Chunk             |     1 |     5 ||     6
Armor: Leather armour    |    35 |    30 ||    65
Dodge: Dodged            |    73 |    51 ||   124
       Rpst.: Falchion   |    23 |    18 ||    41
